 Dungeon Crawl Stone Soup version 0.28.0-43-g3370ac3207 (webtiles) character file.

Game seed: 15265524592690772652

2 croobank the Firebug (level 1, 0/11 HPs)
             Began as an Octopode Fire Elementalist on Mar 5, 2022.
             Slain by a quokka (5 damage)
             ... on level 1 of the Dungeon.
             The game lasted 00:00:41 (177 turns).

croobank the Firebug (Octopode Fire Elementalist)    Turns: 177, Time: 00:00:41

Health: 0/11       AC:  1    Str:  7    XL:     1   Next: 40%
Magic:  3/3        EV: 11    Int: 17    God:
Gold:   15         SH:  6    Dex: 12    Spells: 3/4 levels left

rFire   . . .      SeeInvis .   (no weapon)
rCold   . . .      Faith    .   a - +0 kite shield
rNeg    . . .      Spirit   .   (helmet restricted)
rPois   .          Reflect  .   (no amulet)
rElec   .          Harm     .   (no ring)
rCorr   .          Rampage  .   (no ring)
Will    .....                   (no ring)
Stlth   +++.......              (no ring)
HPRegen 0.03/turn               (no ring)
MPRegen 0.08/turn               (no ring)
                                (no ring)
                                (no ring)

@: no status effects
A: almost no armour, amphibious, 8 rings, camouflage 1, gelatinous body 1,
(nimble swimmer 1), tentacles
a: no special abilities


You were on level 1 of the Dungeon.
You visited 1 branch of the dungeon, and saw 1 of its levels.

You collected 15 gold pieces.

Inventory:

Armour
 a - a +0 kite shield (worn)


   Skills:
 - Level 2.0 Dodging
 - Level 2.7 Stealth
 + Level 0.2 Shields
 - Level 2.0 Spellcasting
 - Level 1.0 Conjurations
 - Level 3.0 Fire Magic


You had 3 spell levels left.
You knew the following spells:

 Your Spells              Type           Power      Damage    Failure   Level
a - Foxfire               Conj/Fire      32%        2x1d5     30%         1

Your spell library contained the following spells:

 Spells                   Type           Power      Damage    Failure   Level
 Scorch                   Fire           24%        2d6       30%         2
 Conjure Flame            Conj/Fire      8%         6-21      65%         3
 Inner Flame              Hex/Fire       6%         N/A       73%         3
 Flame Wave               Conj/Fire      8%         2d5       96%         4


Dungeon Overview and Level Annotations

Branches:
Dungeon (1/15)

Altars:


Innate Abilities, Weirdness & Mutations

You cannot wear most types of armour.
You are amphibious.
You can wear up to eight rings at the same time.
Your skin changes colour to match your surroundings (Stealth+).
Your rubbery body absorbs attacks. (AC +1, EV +1)
((You are camouflaged when in or above water. (Stealth+)))
You have tentacles for arms and can constrict up to eight enemies at once.


Message History

You block the bat's attack. The bat hits you.
The bat struggles to escape constriction.
The bat hits you but does no damage.
You tentacle-slap the bat. You squeeze the bat.
You kill the bat!
HP restored.
Found a faded altar of an unknown god.
A rat comes into view.
The rat closely misses you. The rat bites you.
You tentacle-slap the rat but do no damage.
Your grab misses the rat. The rat closely misses you.
You tentacle-slap the rat. You grab the rat. Your squeeze misses the rat.
The rat is heavily wounded.
You constrict the rat, but do no damage.
The rat barely misses you. The rat closely misses you.
You tentacle-slap the rat but do no damage.
You squeeze the rat.
You kill the rat!
You see here a rat corpse.
Found 20 stones.
A quokka comes into view.
A rat comes into view.
The helpless quokka fails to defend itself.
You tentacle-slap the quokka but do no damage.
Your grab misses the quokka. The quokka misses you.
You block the quokka's attack.
You closely miss the quokka. Your grab misses the quokka.
The quokka bites you but does no damage.
You miss the quokka. You grab the quokka. You constrict the quokka.
You block the quokka's attack. x2
You tentacle-slap the quokka but do no damage.
The quokka is heavily wounded.
You constrict the quokka, but do no damage.
The rat bites you. The quokka bites you.
You tentacle-slap the quokka but do no damage.
The quokka is heavily wounded.
You constrict the quokka, but do no damage.
The rat bites you but does no damage. The quokka bites you.
You die...

##### #.†.# #### #...#
####..# #...###..^..# #
##......^_..## ...
#....#..^.^##
##...#####........#.####
......r@.......####.#...
###...(r..............#
.....##....#.....###..##
.##. ...#.####...# ##..#
.. ..##..# #...# ##..
...... ..## #.### #... .
..# .. #.## .# ..# ... #
......#


You could see a quokka and a rat.

Vanquished Creatures
  A bat (D:1)
  2 rats (D:1)
3 creatures vanquished.

Vanquished Creatures (others)
  2 foxfires (D:1)
2 creatures vanquished.

Grand Total: 5 creatures vanquished

Notes
Turn   | Place    | Note
-------+----------+-------------------------------------------
     0 | D:1      | croobank the Octopode Fire Elementalist began the quest for
                  | the Orb.
     0 | D:1      | Reached XP level 1. HP: 11/11 MP: 3/3
   135 | D:1      | Found a faded altar of an unknown god.
   177 | D:1      | Slain by a quokka

Illustrated notes

Levels and vault maps discovered:
D:1:      mrwooster_arrival_statue_2, layout_rooms,
          ebering_ecumenical_altar_webs, hangedman_abyss_or_decor_stabs

Action                   || total
-------------------------++-------
Melee: Unarmed           ||    11
       Constrict         ||     3
       Tentacles         ||     2
 Cast: Foxfire           ||     1
 Stab: Sleeping          ||     1
Armor: Skin              ||     3
Dodge: Dodged            ||     7
Block: Kite shield       ||     7
